 Dungeon Crawl Stone Soup version 0.26.1-11-gd32895ea62 (webtiles) character file.

Game seed: 14825334833124386943

779 Almogavar the Gusty (level 7, 0/56 HPs)
             Began as a Gnoll Wanderer on May 14, 2021.
             Was a Follower of Okawaru.
             Slain by an orc wizard
             ... wielding a +0 dagger
              (3 damage)
             ... on level 4 of the Dungeon.
             The game lasted 00:11:56 (4757 turns).

Almogavar the Gusty (Gnoll Wanderer)                Turns: 4757, Time: 00:11:56

Health: 0/56       AC:  5    Str: 22    XL:     7   Next: 85%
Magic:  3/3        EV: 14    Int: 19    God:    Okawaru [*.....]
Gold:   193        SH:  0    Dex: 14    Spells: 11/11 levels left

rFire    . . .     SeeInvis .   m - +4 spear (antimagic)
rCold    + . .     Faith    .   (no shield)
rNeg     . . .     Spirit   .   t - +2 robe {rC+}
rPois    .         Reflect  .   (no helmet)
rElec    .         Harm     .   (no cloak)
rCorr    .         Rampage  .   (no gloves)
Will     .....     Clarity  +   q - +0 pair of boots
Stlth    ++........             (no amulet)
HPRegen  0.18/turn              f - +6 ring of strength
MPRegen  0.08/turn              (no ring)

@: brilliant
A: distributed training, fangs 1, agile 1, clarity, clever 1, sense surroundings
1, strong nose
a: Renounce Religion, Heroism


You were on level 4 of the Dungeon.
You worshipped Okawaru.
Okawaru was aware of your devotion.
You visited 1 branch of the dungeon, and saw 4 of its levels.

You collected 193 gold pieces.

Inventory:

Hand Weapons
 m - a +4 antimagic spear (weapon)
Missiles
 b - 13 bolts
 k - 27 poisoned darts (quivered)
Armour
 e - a +0 ring mail
 p - a +0 scale mail
 q - a +0 pair of boots (worn)
 t - a +2 robe of cold resistance (worn)
 v - a +4 scale mail
Jewellery
 f - a +6 ring of strength (left hand)
Scrolls
 a - 3 scrolls of remove curse
 d - a scroll of amnesia {unknown}
 g - a scroll of magic mapping {unknown}
 h - 3 scrolls of identify {unknown}
 j - 8 scrolls of teleportation
 n - 3 scrolls of noise {unknown}
 o - a scroll of enchant weapon {unknown}
 w - a scroll of blinking {unknown}
Potions
 c - a potion of lignification
 i - a potion of degeneration {unknown}
 l - 2 potions of mutation
 r - 2 potions of brilliance
 s - 2 potions of flight {unknown}
 u - 3 potions of cancellation {unknown}


   Skills:
 + Level 5.4 Fighting
 + Level 2.7 Short Blades
 + Level 2.7 Long Blades
 + Level 2.7 Axes
 + Level 2.7 Maces & Flails
 + Level 5.4 Polearms
 + Level 2.7 Staves
 + Level 2.7 Slings
 + Level 2.7 Bows
 + Level 2.7 Crossbows
 + Level 2.7 Throwing
 + Level 2.7 Armour
 + Level 3.8 Dodging
 + Level 2.7 Stealth
 + Level 3.8 Shields
 + Level 2.7 Unarmed Combat
 + Level 2.7 Spellcasting
 + Level 2.2 Conjurations
 + Level 2.2 Hexes
 + Level 2.2 Summonings
 + Level 2.2 Necromancy
 + Level 2.2 Translocations
 + Level 2.2 Transmutations
 + Level 2.2 Fire Magic
 + Level 2.2 Ice Magic
 + Level 5.9 Air Magic
 + Level 2.2 Earth Magic
 + Level 2.2 Poison Magic
 + Level 3.0 Invocations
 + Level 3.8 Evocations


You had 11 spell levels left.
You didn't know any spells.
Your spell library contained the following spells:

 Spells                   Type           Power        Failure   Level
 Swiftness                Air            37%          1%          2
 Shock                    Conj/Air       100%         3%          1
 Sandblast                Erth           32%          6%          1
 Static Discharge         Conj/Air       27%          9%          3
 Airstrike                Air            18%          14%         4
 Stone Arrow              Conj/Erth      32%          19%         3
 Lightning Bolt           Conj/Air       13%          63%         5


Dungeon Overview and Level Annotations

Branches:
Dungeon (4/15)
 Temple: D:4-7

Altars:
Dithmenos
Makhleb
Okawaru
Ru


Innate Abilities, Weirdness & Mutations

Your experience applies equally to all skills.
You have very sharp teeth.
Your uncanny sense of smell can sniff out nearby items.
You are agile. (Dex +2)
You possess an exceptional clarity of mind.
Your mind is acute. (Int +2)
You passively map a small area around you.


Message History

A puff of flame appears from out of thin air!
The puff of flame hits you!
The orc wizard gestures at you while chanting.
The magic dart hits something.
You hear some strange, mumbled words.
A magic dart appears from out of thin air!
The magic dart hits you! Something hits you but does no damage.
The orc priest mumbles some strange prayers to Beogh against you.
Beogh smites you!
* * * LOW HITPOINT WARNING * * *
Something hits you but does no damage.
The orc wizard gestures wildly while chanting.
The orc wizard blinks!
The orc wizard gestures wildly while chanting.
The orc wizard blinks!
It was a potion of brilliance.
You feel clever all of a sudden. Something hits you.
You die...

, #.# #...o.....# * #.#
#o#####.#(# , #.# #.# #.#.#
** .##. #.# #.# #...# ,,
....#.# #.####.#####..##
....#.# #...[.........#
#...#.# ######.######.#
###.##.########.# #.# ,
.....o...§>@..§# #.# ,*
##......######## #.#
#..##.(#############.# *
#..##................#
##.####..##.################
..O......##.#
##.####)###.####
......)<†).....#
.........#####.#


You could see an orc wizard (fast).

Vanquished Creatures
  Sigmund (D:2)
  A phantom (D:3)
  An ogre (D:4)
  A howler monkey (D:4)
  2 hounds (D:4)
  2 orc priests
  A bullfrog skeleton (D:4)
  2 orc wizards
  A worker ant (D:3)
  4 gnolls
  5 adders
  3 oozes
  4 worms
  2 dart slugs
  4 leopard geckos
  8 orcs
  2 ball pythons
  A giant cockroach (D:1)
  6 hobgoblins
  2 quokkas (D:2)
  10 bats
  9 frilled lizards
  11 goblins
  6 kobolds
  7 rats
96 creatures vanquished.

Notes
Turn   | Place    | Note
-------+----------+-------------------------------------------
     0 | D:1      | Almogavar the Gnoll Wanderer began the quest for the Orb.
     0 | D:1      | Almogavar set off with the following items: a +0 spear, a
                  | +0 robe; and the following spells available to memorise:
                  | Swiftness, Shock, Sandblast, Static Discharge, Airstrike,
                  | Stone Arrow, Lightning Bolt
     0 | D:1      | Reached XP level 1. HP: 20/20 MP: 1/1
   325 | D:1      | Reached XP level 2. HP: 26/26 MP: 2/2
   794 | D:1      | Reached XP level 3. HP: 13/31 MP: 0/3
  1182 | D:2      | Found a burning altar of Makhleb.
  1324 | D:2      | Reached skill level 1 in Invocations
  1330 | D:2      | Reached skill level 1 in Short Blades
  1330 | D:2      | Reached skill level 1 in Long Blades
  1330 | D:2      | Reached skill level 1 in Axes
  1330 | D:2      | Reached skill level 1 in Maces & Flails
  1330 | D:2      | Reached skill level 1 in Staves
  1330 | D:2      | Reached skill level 1 in Slings
  1330 | D:2      | Reached skill level 1 in Bows
  1330 | D:2      | Reached skill level 1 in Crossbows
  1330 | D:2      | Reached skill level 1 in Throwing
  1330 | D:2      | Reached skill level 1 in Armour
  1330 | D:2      | Reached skill level 1 in Stealth
  1330 | D:2      | Reached skill level 1 in Unarmed Combat
  1330 | D:2      | Reached skill level 1 in Spellcasting
  1439 | D:2      | Reached XP level 4. HP: 23/38 MP: 1/5
  1939 | D:2      | Reached skill level 1 in Conjurations
  1939 | D:2      | Reached skill level 1 in Hexes
  1939 | D:2      | Reached skill level 1 in Summonings
  1939 | D:2      | Reached skill level 1 in Necromancy
  1939 | D:2      | Reached skill level 1 in Translocations
  1939 | D:2      | Reached skill level 1 in Transmutations
  1939 | D:2      | Reached skill level 1 in Fire Magic
  1939 | D:2      | Reached skill level 1 in Ice Magic
  1939 | D:2      | Reached skill level 1 in Earth Magic
  1939 | D:2      | Reached skill level 1 in Poison Magic
  2193 | D:2      | Noticed Sigmund
  2223 | D:2      | Gained mutation: You passively map a small area around you.
                  | [potion of mutation]
  2223 | D:2      | Gained mutation: You are agile. (Dex +2) [potion of
                  | mutation]
  2223 | D:2      | Gained mutation: Your mind is acute. (Int +2) [potion of
                  | mutation]
  2223 | D:2      | Gained mutation: You possess an exceptional clarity of
                  | mind. [potion of mutation]
  2237 | D:2      | Killed Sigmund
  2238 | D:2      | Reached XP level 5. HP: 16/43 MP: 1/7
  2238 | D:2      | Reached XP level 6. HP: 18/50 MP: 1/8
  2863 | D:3      | Found a shadowy altar of Dithmenos.
  2937 | D:3      | Found a sacrificial altar of Ru.
  3205 | D:2      | Reached skill level 5 in Fighting
  3205 | D:2      | Reached skill level 5 in Polearms
  3618 | D:3      | Found an iron altar of Okawaru.
  3638 | D:3      | Became a worshipper of Warmaster Okawaru
  4130 | D:4      | Reached XP level 7. HP: 50/56 MP: 3/10
  4370 | D:4      | Reached * piety under Okawaru
  4754 | D:4      | HP: 2/56 [orc priest/divine providence (16)]
  4757 | D:4      | Slain by an orc wizard

Illustrated notes

Levels and vault maps discovered:
D:1:      lightli_arrival_chessboard, layout_basic, serial_co_window_serial,
          co_window_paths_a, co_window_of_opportunity_a, co_window_corner_a,
          co_window_corner_a, co_window_paths_a, co_window_paths_b,
          co_window_paths_b, co_window_corner_a, co_window_paths_a,
          co_window_corner_ca, co_window_paths_c, co_window_corner_cb,
          glass_columns_a, glass_columns_a, glass_columns_b, glass_columns_a,
          minmay_pentomino_p4
D:2:      minmay_thinvault, layout_basic, general_overflow_altar, uniq_sigmund
D:3:      layout_loops_cross, lemuel_crystal_altar,
          nicolae_overflow_crystal_walls, old_standard_altar,
          kennysheep_generic_room_8
D:4:      layout_loops_ring, grunt_gozag_breadcrumbs

Skill      XL: |  1  2  3  4  5  6  7 |
---------------+----------------------+-----
Invocations    | 1 2 3 |  3.0
Short Blades   | 1 2 |  2.7
Long Blades    | 1 2 |  2.7
Axes           | 1 2 |  2.7
Maces & Flails | 1 2 |  2.7
Staves         | 1 2 |  2.7
Slings         | 1 2 |  2.7
Bows           | 1 2 |  2.7
Crossbows      | 1 2 |  2.7
Throwing       | 1 2 |  2.7
Armour         | 1 2 |  2.7
Stealth        | 1 2 |  2.7
Unarmed Combat | 1 2 |  2.7
Spellcasting   | 1 2 |  2.7
Conjurations   | 1 2 |  2.2
Hexes          | 1 2 |  2.2
Summonings     | 1 2 |  2.2
Necromancy     | 1 2 |  2.2
Translocations | 1 2 |  2.2
Transmutations | 1 2 |  2.2
Fire Magic     | 1 2 |  2.2
Ice Magic      | 1 2 |  2.2
Earth Magic    | 1 2 |  2.2
Poison Magic   | 1 2 |  2.2
Dodging        | 3 |  3.8
Shields        | 3 |  3.8
Evocations     | 3 |  3.8
Fighting       | 5 |  5.4
Polearms       | 5 |  5.4
Air Magic      | |  5.9

Action                   |  1- 3 |  4- 6 |  7- 9 || total
-------------------------+-------+-------+-------++-------
Melee: Spear             |    81 |   179 |    69 ||   329
       Bite              |     9 |    14 |     7 ||    30
       Punch             |       |     2 |     2 ||     4
Throw: Dart              |       |     1 |       ||     1
  Use: Scroll            |     2 |       |       ||     2
       Potion            |       |     2 |     1 ||     3
 Stab: Sleeping          |     1 |    10 |       ||    11
Armor: Robe              |     4 |    18 |     9 ||    31
       Skin              |       |     4 |       ||     4
Dodge: Dodged            |    32 |    55 |    30 ||   117
